 Dungeon Crawl Stone Soup version 0.31-a0-185-g9dded2c639 (webtiles) character file.

Game seed: 366754155613922480

21 qw the Shooter (level 2, -8/16 HPs)
             Began as a Deep Elf Hunter on June 22, 2023.
             Mangled by Sigmund
             ... wielding a +0 scythe
              (12 damage)
             ... on level 2 of the Dungeon.
             The game lasted 00:00:24 (1020 turns).

qw the Shooter (Deep Elf Hunter)                    Turns: 1020, Time: 00:00:25

Health: -8/16      AC:  3    Str: 12    XL:     2   Next: 65%
Magic:  4/4        EV: 12    Int: 12    God:
Gold:   102        SH:  0    Dex: 17    Spells: 1/1 levels left

rFire   . . .        Y - +0 shortbow
rCold   . . .        (shield currently unavailable)
rNeg    . . .        c - +0 leather armour
rPois   .            (helmet restricted)
rElec   .            (no cloak)
rCorr   .            (no gloves)
SInv    .            (no boots)
Will    .....        (no amulet)
Stlth   ++           (no ring)
HPRegen 0.22/turn    (no ring)
MPRegen 0.09/turn

%: no passive effects
@: no status effects
A: antennae 1, screaming 1, strong 1
a: no special abilities


You were on level 2 of the Dungeon.
You visited 1 branch of the dungeon, and saw 2 of its levels.

You collected 102 gold pieces.


Innate Abilities, Weirdness & Mutations

You have a pair of small antennae on your head.
You occasionally shout uncontrollably at your foes.
Your muscles are strong. (Str +4, Int/Dex -1)


   Skills:
 - Level 1.5 Fighting
 + Level 6.4 Ranged Weapons
 - Level 2.4 Dodging
 - Level 1.2 Stealth


You had one spell level left.
You didn't know any spells.
Your spell library was empty.

Inventory:

Hand Weapons
 Y - a +0 shortbow (weapon)
Armour
 c - a +0 leather armour (worn)
Scrolls
 a - a scroll of vulnerability {unknown}
 b - a scroll of poison {unknown}
Potions
 d - a potion of curing {unknown}
 f - 2 potions of mutation
 h - a potion of ambrosia {unknown}
 j - a potion of attraction {unknown}

Dungeon Overview and Level Annotations

Branches:
Dungeon (2/15)

Altars:

Shops:
D:1 (

Annotations:
D:2 Sigmund


Message History

994 ||| STILL FLEEEEING.
995 ||| STILL FLEEEEING.
996 ||| STILL FLEEEEING.
997 ||| STILL FLEEEEING.
998 ||| STILL FLEEEEING.
999 ||| STILL FLEEEEING.
You start resting.
Sigmund is nearby!
1001 ||| FLEEEEING.
Sigmund casts a spell.
Sigmund flickers and vanishes!
Deactivating autopickup; reactivate with Ctrl-A.
1002 ||| STILL FLEEEEING.
1003 ||| STILL FLEEEEING.
1004 ||| STILL FLEEEEING.
1005 ||| STILL FLEEEEING.
1006 ||| STILL FLEEEEING.
1007 ||| STILL FLEEEEING.
1008 ||| STILL FLEEEEING.
You see here a +0 club.
1009 ||| STILL FLEEEEING.
Something unseen opens the door.
1010 ||| STILL FLEEEEING.
You shoot an arrow. You shoot an arrow.
A magic dart appears from out of thin air!
The magic dart hits you.
You shoot an arrow. You shoot an arrow. You shoot an arrow. You shoot an arrow.
You shoot an arrow. Something hits you but does no damage.
You shoot an arrow. Something hits you.
You shoot an arrow. You shoot an arrow. Something hits you!
Ouch! That really hurt!
You die...

.'.......... +.####
.###'###.### #.#.. .# #.#
#.# #.#.# .# #.# #.#
#.#.##### .# #.. #.......#
.# ### #.#.###.# .#
#.###.#.#
.#######'#######.##....###
..............{.@........+
.###....#.#####...#....###
## #.#..#.# ####......# #
#.##.#.# #.###..# #.#..#.#
#.# #..# #.#.##.#
##.###..# ####.#.##.#
#.......# ...#.#.##.#
#..####.# ##.#......#
####.......#


There were no monsters in sight!

Vanquished Creatures
  2 ball pythons
  2 bats (D:1)
  An endoplasm (D:1)
  A giant cockroach (D:1)
  A hobgoblin (D:1)
  6 jackals (D:1)
  2 kobolds
  2 rats (D:1)
17 creatures vanquished.

Notes
Turn   | Place    | Note
-------+----------+-------------------------------------------
     0 | D:1      | qw the Deep Elf Hunter began the quest for the Orb.
     0 | D:1      | Reached XP level 1. HP: 12/12 MP: 3/3
     0 | D:1      | 0 ||| qw: Version: 0.3-a-9-g12657ce
     0 | D:1      | 0 ||| qw: Game counter: 1870
     0 | D:1      | 0 ||| qw: Always use a shield: true
     0 | D:1      | 0 ||| qw: God list: Okawaru
     0 | D:1      | 0 ||| qw: Allow faded altars: false
     0 | D:1      | 0 ||| qw: Do Orc after D:15 true
     0 | D:1      | 0 ||| qw: Do second Lair branch before Depths: true
     0 | D:1      | 0 ||| qw: Lair rune preference: random
     0 | D:1      | 0 ||| qw: Plans: Normal
     0 | D:1      | 0 ||| PLANNING D:1-11
   351 | D:1      | Reached skill level 6 in Ranged Weapons
   351 | D:1      | Reached XP level 2. HP: 16/16 MP: 4/4
   361 | D:1      | Found Viagac's Antique Weapon Shoppe.
   380 | D:1      | 380 ||| SHOPLISTING glowing longbow (237 gold, have 64).
   664 | D:1      | 664 ||| READING scroll labelled TYSMEM RUHETAF.
   665 | D:1      | 665 ||| READING 2 scrolls labelled ZAWEOM OCANN.
   666 | D:1      | 666 ||| READING scroll labelled OPPAOFIJOF.
   667 | D:1      | 667 ||| READING scroll labelled CICODA WAMI.
   698 | D:1      | 698 ||| DRINKING 3 fizzy blue potions.
   698 | D:1      | Gained mutation: You have a pair of small antennae on your
                  | head. [potion of mutation]
   698 | D:1      | Gained mutation: You occasionally shout uncontrollably at
                  | your foes. [potion of mutation]
   698 | D:1      | Gained mutation: Your muscles are strong. (Str +4, Int/Dex
                  | -1) [potion of mutation]
   699 | D:1      | 699 ||| DROPPING scroll of butterflies.
   700 | D:1      | 700 ||| DROPPING scroll of blinking.
   798 | D:2      | 798 ||| STAIRDANCE
   958 | D:2      | Noticed Sigmund
   961 | D:2      | 961 ||| FLEEEEING.
   962 | D:2      | 962 ||| FLEEEEING.
   962 | D:2      | HP: 1/16 [Sigmund/puff of flame (10)]
   963 | D:2      | 963 ||| FLEEEEING.
   964 | D:2      | 964 ||| FLEEEEING.
   965 | D:2      | 965 ||| FLEEEEING.
   966 | D:2      | 966 ||| FLEEEEING.
   967 | D:2      | 967 ||| FLEEEEING.
   968 | D:2      | 968 ||| FLEEEEING.
   969 | D:2      | 969 ||| FLEEEEING.
   973 | D:2      | 973 ||| FLEEEEING.
   974 | D:2      | 974 ||| FLEEEEING.
   975 | D:2      | 975 ||| FLEEEEING.
   976 | D:2      | 976 ||| FLEEEEING.
   977 | D:2      | 977 ||| FLEEEEING.
   978 | D:2      | 978 ||| FLEEEEING.
   979 | D:2      | 979 ||| FLEEEEING.
   980 | D:2      | 980 ||| FLEEEEING.
   981 | D:2      | 981 ||| FLEEEEING.
   982 | D:2      | 982 ||| FLEEEEING.
   984 | D:2      | 984 ||| FLEEEEING.
   985 | D:2      | 985 ||| FLEEEEING.
   986 | D:2      | 986 ||| FLEEEEING.
   987 | D:2      | 987 ||| FLEEEEING.
   988 | D:2      | 988 ||| FLEEEEING.
   989 | D:2      | 989 ||| FLEEEEING.
   990 | D:2      | 990 ||| FLEEEEING.
  1001 | D:2      | 1001 ||| FLEEEEING.
  1018 | D:2      | HP: 4/16 [something (4)]
  1020 | D:2      | Mangled by Sigmund

Levels and vault maps discovered:
D:1:      dpeg_arrival_arbitrary_a, layout_rooms, serial_shops, shop,
          minmay_box_of_dots
D:2:      layout_loops_corners, minivault_24, minmay_door_square, st_stairs_4,
          uniq_sigmund

Skill      XL: |  1 |
---------------+----+-----
Ranged Weapons | 6 |  6.4
Fighting       | |  1.5
Dodging        | |  2.4
Stealth        | |  1.2

Action                     || total
---------------------------++-------
   Fire: Shortbow          ||    61
    Use: Scroll            ||     4
         Potion            ||     1
 Armour: Leather armour    ||     6
  Dodge: Dodged            ||    17

Table legend:
 A = Non-vault XP
 B = Vault XP
 C = Vault XP percentage of total XP
 D = Non-vault monster count
 E = Vault monster count
 F = Vault count percentage of total count
                 A         B        C        D         E       F
            +---------+---------+-------+---------+---------+-------
      Total |      26 |       5 |  16.1 |      14 |       3 |  17.6
            +---------+---------+-------+---------+---------+-------
        D:1 |      23 |       5 |  17.9 |      12 |       3 |  20.0
        D:2 |       3 |       0 |   0.0 |       2 |       0 |   0.0
            +---------+---------+-------+---------+---------+-------
